 Dungeon Crawl Stone Soup version 0.25.0-26-g0c896c7 (webtiles) character file.

Game seed: 196259432588971866

182 BarkingLeaf the Poker (level 5, 0/39 HPs)
             Began as a Merfolk Gladiator on June 30, 2020.
             Slain by Natasha (4 damage)
             ... on level 3 of the Dungeon.
             The game lasted 00:04:29 (2302 turns).

BarkingLeaf the Poker (Merfolk Gladiator)           Turns: 2302, Time: 00:04:30

Health: 0/39       AC:  7    Str: 15    XL:     5   Next: 61%
Magic:  5/5        EV: 22    Int:  7    God:
Gold:   239        SH:  0    Dex: 16    Spells: 4/4 levels left

rFire    + + .     SeeInvis .   (weapon currently unavailable)
rCold    + + .     Gourm    .   (shield currently unavailable)
rNeg     + + +     Faith    .   (armour currently unavailable)
rPois    ∞         Spirit   .   (helmet currently unavailable)
rElec    +         Reflect  .   (cloak currently unavailable)
rCorr    +         Harm     .   (gloves currently unavailable)
MR       .....                  (boots currently unavailable)
Stlth    ++........             (amulet currently unavailable)
HPRegen  0.13/turn              (ring currently unavailable)
MPRegen  0.09/turn              (ring currently unavailable)

@: wisp-form (expiring), flying, quick
A: tiny, (change form in water), (swift swim), (stealthy swim)
a: no special abilities


You were on level 3 of the Dungeon.
You were not hungry.
You were an insubstantial wisp.
You visited 1 branch of the dungeon, and saw 3 of its levels.

You collected 239 gold pieces.

Inventory:

Hand Weapons
 a - a +0 trident (melded)
Missiles
 d - 3 throwing nets (quivered)
Armour
 b - a +0 leather armour (melded)
 c - a +0 helmet (melded)
Scrolls
 i - a scroll of magic mapping {unknown}
 k - a scroll of amnesia
 l - a scroll of remove curse
 n - a scroll of teleportation {unknown}
 s - a scroll of identify {unknown}
 t - a scroll of enchant armour {unknown}
Potions
 e - a potion of ambrosia {unknown}
 g - a potion of curing {unknown}
 h - 2 potions of haste
 j - a potion of flight {unknown}
 m - a potion of might {unknown}
 o - a potion of heal wounds {unknown}
 p - a potion of invisibility {unknown}
 q - a potion of degeneration {unknown}
Comestibles
 f - 4 rations
 r - 5 chunks of flesh


   Skills:
 + Level 2.7 Fighting
 * Level 7.3 Polearms
 - Level 2.0 Throwing
 + Level 1.0 Armour
 + Level 4.2 Dodging
 * Level 2.3 Stealth


You had 4 spell levels left.
You didn't know any spells.
Your spell library was empty.

Dungeon Overview and Level Annotations

Branches:
Dungeon (3/15)

Altars:

Annotations:
D:3 Natasha


Message History

Natasha is severely wounded.
Your transformation is almost over.
Natasha closely misses you.
You barely miss Natasha.
Natasha is severely wounded.
Natasha completely misses you.
You touch Natasha.
Natasha is almost dead.
You blink.
You touch Natasha but do no damage.
Natasha is almost dead.
Natasha claws you but does no damage.
You barely miss Natasha.
Natasha is almost dead.
Natasha stares at you and mumbles some strange words.
You resist with some effort.
You touch Natasha but do no damage.
Natasha is almost dead.
Natasha claws you.
You die...

#########
#.......#
#..>....#
#########
#.......#
#........
#.......#
#........
#..v....#
#........
#########..h....#
#........
#...)..##.......#
#........
#......#####..###
#.......5
#.....)..###..#
#........
#......#..##..#
#########
######....##..#
####.§...#
###...#


You could see Natasha.

Vanquished Creatures
  A jelly (D:2)
  Natasha (twice) (D:3)
  4 adders
  An ooze (D:2)
  A worm (D:2)
  A dart slug (D:1)
  A leopard gecko (D:2)
  A ball python (D:1)
  3 giant cockroaches (D:2)
  8 goblins
  9 hobgoblins
  3 jackals (D:1)
  A quokka (D:2)
  9 bats
  3 frilled lizards
  5 kobolds
  5 rats
58 creatures vanquished.

Notes
Turn   | Place    | Note
-------+----------+-------------------------------------------
     0 | D:1      | BarkingLeaf the Merfolk Gladiator began the quest for the
                  | Orb.
     0 | D:1      | Reached XP level 1. HP: 16/16 MP: 1/1
   117 | D:1      | Reached XP level 2. HP: 19/22 MP: 2/2
   202 | D:1      | Reached skill level 5 in Polearms
   377 | D:1      | Reached skill level 1 in Stealth
   861 | D:2      | Reached XP level 3. HP: 28/28 MP: 3/3
  1285 | D:2      | Reached skill level 6 in Polearms
  1324 | D:2      | Reached XP level 4. HP: 34/34 MP: 4/4
  1669 | D:3      | Noticed Natasha
  1680 | D:3      | Killed Natasha
  1680 | D:3      | Reached skill level 7 in Polearms
  1680 | D:3      | Reached XP level 5. HP: 12/39 MP: 5/5
  1923 | D:3      | Noticed Natasha
  1934 | D:3      | Killed Natasha
  1934 | D:3      | Reached skill level 1 in Armour
  2206 | D:3      | Noticed Natasha
  2302 | D:3      | Slain by Natasha

Illustrated notes

Levels and vault maps discovered:
D:1:      shiori_arrival_maze, layout_rooms, minmay_bisected
D:2:      layout_rooms
D:3:      layout_rooms, uniq_natasha

Skill      XL: |  1  2  3  4  5 |
---------------+----------------+-----
Polearms       | 5 6 7 |  7.3
Stealth        | 1 2 |  2.3
Armour         | 1 |  1.0
Fighting       | |  2.7
Throwing       | |  2.0
Dodging        | |  4.2

Action                   |  1- 3 |  4- 6 || total
-------------------------+-------+-------++-------
Melee: Trident           |   139 |    94 ||   233
       Unarmed           |       |    14 ||    14
  Use: Scroll            |       |     2 ||     2
       Potion            |       |     1 ||     1
 Stab: Sleeping          |     4 |     1 ||     5
  Eat: Chunk             |     1 |     4 ||     5
Armor: Leather armour    |    39 |    12 ||    51
       Skin              |       |     4 ||     4
Dodge: Dodged            |   103 |    41 ||   144
